 Seeded DCSS version 0.29.1-15-g9cfb28693d (webtiles) character file.

Game seed: 1192936788315771475 (custom seed)

33698 valliere the Skirmisher (level 13, -9/114 HPs)
             Began as a White Draconian Hunter on Apr 24, 2023.
             Was a High Priest of Ru.
             Mangled by a death yak (22 damage)
             ... on level 5 of the Lair of Beasts.
             The game lasted 00:32:58 (14153 turns).

valliere the Skirmisher (White Draconian Hunter)   Turns: 14153, Time: 00:32:59

Health: -9/114     AC:  4    Str: 15    XL:     13   Next: 38%
Magic:  6/13       EV: 21    Int: 10    God:    Ru [*****.]
Gold:   881        SH:  0    Dex: 21    Spells: 12/12 levels left

rFire   . . .      SeeInvis +   o - +8 longbow "Zephyr" {speed, Dex+3 SInv}
rCold   + . .      Faith    .   (shield currently unavailable)
rNeg    . . .      Spirit   .   (body armour unavailable)
rPois   .          Reflect  .   (helmet restricted)
rElec   .          Harm     .   (no cloak)
rCorr   +          Rampage  .   h - +0 pair of gloves
Will    .....                   (no boots)
Stlth   +++++.....              (no amulet)
HPRegen 0.29/turn               e - ring of flight
MPRegen 0.13/turn               y - ring of resist corrosion

@: exhausted, flying, unable to read
A: breathe frost, AC +8, unfitting armour, cold resistance 1, cold-blooded,
inability to read after injury 2, inability to use devices, hated by all,
reduced AC 1
a: Breathe Frost, Renounce Religion, Draw Out Power, Power Leap, Apocalypse


You were on level 5 of the Lair of Beasts.
You worshipped Ru.
Ru was extremely pleased with you.
You visited 3 branches of the dungeon, and saw 15 of its levels.
You also visited: Ice Cave.

You collected 881 gold pieces.

Inventory:

Hand Weapons
 a - a +0 shortbow
 d - a +1 short sword of speed
 o - the +8 longbow "Zephyr" (weapon) {speed, Dex+3 SInv}
   (You took it off an orc on level 3 of the Dungeon)

   Attacks with this weapon are significantly faster.
   Dex:       It affects your dexterity (+3).
   SInv:      It lets you see invisible.
Armour
 h - a +0 pair of gloves (worn)
Jewellery
 e - a ring of flight (left hand)
 l - a ring of see invisible
 x - a ring of fire
 y - a ring of resist corrosion (right hand)
 F - a ring of protection from cold
 J - a ring of fire
 K - a ring of ice
 M - a ring of positive energy
 N - an amulet of magic regeneration
 O - a ring of positive energy
Wands
 w - a wand of flame (40)
 A - a wand of mindburst (7)
Scrolls
 b - a scroll of immolation
 g - 4 scrolls of vulnerability {unknown}
 i - 4 scrolls of teleportation {unknown}
 j - 2 scrolls of brand weapon {unknown}
 k - 4 scrolls of magic mapping
 m - 8 scrolls of identify {unknown}
 q - a scroll of blinking {unknown}
 u - a scroll of silence {unknown}
 C - a scroll of amnesia {unknown}
 D - 5 scrolls of enchant weapon {unknown}
 G - a scroll of noise {unknown}
 I - a scroll of fear {unknown}
 L - a scroll of fog {unknown}
 P - a scroll of enchant armour {unknown}
 Q - a scroll of poison {unknown}
Potions
 c - 3 potions of attraction {unknown}
 f - 5 potions of haste {unknown}
 n - 5 potions of flight {unknown}
 p - a potion of mutation {unknown}
 r - 4 potions of heal wounds {unknown}
 s - 3 potions of curing {unknown}
 t - 3 potions of invisibility {unknown}
 v - a potion of ambrosia {unknown}
 z - a potion of lignification {unknown}
 B - a potion of cancellation {unknown}
 E - 2 potions of might {unknown}
 H - a potion of brilliance {unknown}


   Skills:
 + Level 10.7 Fighting
 * Level 13.0 Ranged Weapons
 * Level 12.4 Dodging
 + Level 9.6 Stealth


You had 12 spell levels left.
You didn't know any spells.
Your spell library contained the following spells:

 Spells                   Type           Power      Damage    Failure   Level
 Apportation              Tloc           0%         N/A       36%         1
 Necrotise                Necr           0%         1d4       36%         1
 Ignite Poison            Fire/Tmut/Pois 0%         N/A       75%         3
 Mephitic Cloud           Conj/Pois/Air  0%         N/A       75%         3
 Ozocubu's Armour         Ice            0%         N/A       75%         3
 Portal Projectile        Hex/Tloc       0%         N/A       75%         3
 Vampiric Draining        Necr           0%         2d6       75%         3
 Agony                    Necr           0%         N/A       100%        5
 Alistair's Intoxication  Tmut/Pois      0%         N/A       100%        5
 Blade Hands              Tmut           0%         N/A       100%        5
 Freezing Cloud           Conj/Ice/Air   0%         6-21      100%        5
 Ozocubu's Refrigeration  Ice            0%         4d7       100%        7
 Summon Small Mammal      Summ           Unusable   N/A       N/A         1
 Tukima's Dance           Hex            Unusable   N/A       N/A         3

Dungeon Overview and Level Annotations

Branches:
Dungeon (9/15)             Temple (1/1) D:5            Lair (5/5) D:9
 Shoals (0/4) Lair:3        Snake (0/4) Lair:3        IceCv (visited)
  Slime: Lair:4-5       Orc: D:9-12

Altars:
Ashenzari
Cheibriados
Dithmenos
Elyvilon
Gozag
Kikubaaqudgha
Makhleb
Nemelex Xobeh
Okawaru
Qazlal
Ru
Sif Muna
Trog
Uskayaw
Vehumet
Wu Jian
Xom
Zin
The Shining One

Annotations:
D:2 1 runed translucent door, Crazy Yiuf
D:3 3 runed translucent doors, Imhoden's ghost, amateur TeNe; booth's ghost, amateur DsGl
D:4 Natasha


Innate Abilities, Weirdness & Mutations

You can breathe waves of freezing cold which knock back foes.
Your icy white scales are hard. (AC +8)
You cannot fit into any form of body armour.
Your flesh is cold resistant. (rC+)
You are cold-blooded and may be slowed by cold attacks.
You sometimes lose the ability to read scrolls when taking damage.
You cannot study or use magical devices.
You are hated by all.
You take slightly more damage. (AC -5)


Message History

The death yak is stunned by your conviction and fails to attack.
Fire: o) +8 longbow "Zephyr" {speed, Dex+3 SInv}
Press: ? - help, Q - select action, (/) - cycle Shift-Dir - straight line, f/p - yak
Aim: a yak (moderately wounded, 82% to hit)
You shoot an arrow. The arrow hits the yak!!
The yak is almost dead.
The yak gores you but does no damage. The elephant closely misses you.
The elephant completely misses you. The death yak gores you!!
* * * LOW HITPOINT WARNING * * *
Unknown command.
Fire: o) +8 longbow "Zephyr" {speed, Dex+3 SInv}
Press: ? - help, Q - select action, (/) - cycle Shift-Dir - straight line, f/p - yak
Aim: a yak (almost dead, 82% to hit)
You shoot an arrow. The arrow hits the yak!!
You kill the yak!
The jelly jiggles.
The elephant tramples you!
* * * LOW HITPOINT WARNING * * *
You hold your ground!
The elephant trunk-slaps you but does no damage.
Unknown command.
The yak completely misses you.
You see here a yak corpse.
The death yak attacks as you move away! The death yak barely misses you.
Fire: o) +8 longbow "Zephyr" {speed, Dex+3 SInv}
Press: ? - help, Q - select action, (/) - cycle Shift-Dir - straight line, f - yak
Aim: a yak (lightly wounded, 82% to hit)
Okay, then.
The yak attacks as you move away!
You redirect the yak's attack!
The yak gores the death yak!
The yak attacks as you move away!
The yak is stunned by your conviction and fails to attack.
You feel less exhausted.
Aiming: Power Leap
Press: ? - help, Dir - move target You have got your breath back.
You redirect the yak's attack!
The yak barely misses itself.
The death yak gores you!!
You die...

#..#.. ..#...##.... ......
...#....##.... ...P.P
.....##.#.####. .....P.#.
#....#.#.#..###
........###..............
........................ #
........................
#.. #........###........#.
....##....@..#.......###..#
.........YYY.......$.......
..........J................
#...#P.#.###†.....†........
# ##.####.#..............
## #Y#...............
#..J................
......................
.......................


You could see a death yak, an elephant, a yak (distracted) and a jelly.

Vanquished Creatures
  7 hydras
  A two-headed ogre (D:9)
  6 death yaks (Lair:5)
  Pikel (D:6)
  2 ugly things
  An oklob plant (Lair:1)
  A merfolk siren (Lair:3)
  4 elephants (Lair:5)
  3 black mambas
  7 cane toads
  4 rime drakes
  8 komodo dragons
  A merfolk (Lair:3)
  A troll (D:9)
  A polar bear (Lair:3)
  A hornet (D:8)
  Prince Ribbit (D:6)
  11 blink frogs
  7 dream sheep
  A vampire (D:8)
  A wyvern (Lair:1)
  A basilisk (Lair:2)
  19 yaks
  3 steam dragons
  2 nagas (Lair:3)
  An acid dragon (D:9)
  Duvessa (D:6)
  16 water moccasins
  3 sky beasts
  The ghost of CaptainSheepy the Caller, an amateur FeSu of Gozag (D:6)
  2 black bears
  2 ice beasts
  11 wolves
  An ogre (D:4)
  A centaur (D:9)
  2 lemures (D:6)
  3 phantoms (D:5)
  Blork the orc (D:5)
  A kobold brigand (D:8)
  A gnoll sergeant (D:8)
  19 bullfrogs
  A wyvern zombie (D:5)
  3 wights (D:8)
  Dowan (D:6)
  3 howler monkeys (D:9)
  An electric eel (D:6)
  13 jellies
  7 orc priests
  3 gnoll boudas
  5 hounds
  2 iguanas
  5 orc wizards
  7 hell rats
  4 polar bear simulacra (IceCv)
  A hound zombie (D:5)
  Robin (D:4)
  3 adders
  26 gnolls
  7 river rats
  A shadow imp (D:6)
  2 white imps
  An ufetubus (D:7)
  3 worms
  31 orcs
  8 ball pythons
  2 bats
  12 endoplasms
  A giant cockroach (D:2)
  14 goblins
  7 hobgoblins
  5 jackals
  3 quokkas
  2 frilled lizards
  17 kobolds
  7 rats
370 creatures vanquished.

Vanquished Creatures (others)
  A hydra (Lair:4)
  A death yak (Lair:5)
  A kobold brigand (D:9)
  22 fungi
  66 plants
91 creatures vanquished.

Grand Total: 461 creatures vanquished

Notes
Turn   | Place    | Note
-------+----------+-------------------------------------------
     0 | D:1      | valliere the Draconian Hunter began the quest for the Orb.
     0 | D:1      | Reached XP level 1. HP: 17/17 MP: 1/1
    49 | D:1      | Reached skill level 1 in Stealth
   121 | D:1      | Reached XP level 2. HP: 19/25 MP: 2/2
   637 | D:1      | Found a faded altar of an unknown god.
   749 | D:1      | Reached skill level 4 in Ranged Weapons
   794 | D:1      | Reached XP level 3. HP: 30/30 MP: 3/3
  1373 | D:2      | Reached XP level 4. HP: 8/37 MP: 4/4
  1850 | D:2      | Found a runed translucent door.
  1851 | D:2      | Noticed Crazy Yiuf
  2110 | D:3      | Found a runed translucent gate.
  2110 | D:3      | Found a runed translucent gate.
  2110 | D:3      | Found a runed translucent gate.
  2114 | D:3      | Noticed booth's ghost (amateur DsGl)
  2114 | D:3      | Noticed Imhoden's ghost (amateur TeNe)
  2529 | D:3      | Reached XP level 5. HP: 18/45 MP: 5/5
  2820 | D:3      | Identified the +2 leather armour of Ethics {rElec rPois rF-
                  | rC+}
  3185 | D:4      | Noticed an ogre
  3188 | D:4      | Killed an ogre
  3247 | D:4      | Reached skill level 5 in Ranged Weapons
  3259 | D:4      | Noticed Robin
  3266 | D:4      | Killed Robin
  3267 | D:4      | Reached XP level 6. HP: 52/52 MP: 6/6
  3522 | D:4      | Noticed a steam dragon
  3528 | D:4      | Killed a steam dragon
  3772 | D:4      | Found a hide-covered altar of Uskayaw.
  3774 | D:4      | Noticed Natasha
  3905 | D:5      | Entered Level 5 of the Dungeon
  3909 | D:5      | Noticed Blork the orc
  3914 | D:5      | Killed Blork the orc
  4047 | D:5      | Your scales start taking on an icy white colour.
  4047 | D:5      | Reached XP level 7. HP: 44/59 MP: 7/7
  4047 | D:5      | Gained mutation: Your flesh is cold resistant. (rC+) [White
                  | Draconian growth]
  4202 | D:5      | Found a basalt altar of Yredelemnul.
  4225 | D:5      | Found a staircase to the Ecumenical Temple.
  4234 | Temple   | Entered the Ecumenical Temple
  4396 | Temple   | Became a worshipper of Ru the Awakened
  4555 | D:5      | Reached skill level 6 in Ranged Weapons
  4906 | D:6      | Noticed a steam dragon
  4908 | D:6      | Killed a steam dragon
  4909 | D:6      | Reached XP level 8. HP: 67/67 MP: 8/8
  4914 | D:6      | Noticed Prince Ribbit
  4923 | D:6      | Killed Prince Ribbit
  4924 | D:6      | Reached skill level 5 in Fighting
  4924 | D:6      | Reached skill level 5 in Dodging
  4927 | D:6      | Noticed Duvessa
  4934 | D:6      | Noticed Dowan
  4942 | D:6      | Killed Duvessa
  4953 | D:6      | Killed Dowan
  5138 | D:6      | Reached skill level 7 in Ranged Weapons
  5465 | D:6      | Found a runed translucent gate.
  5465 | D:6      | Found a runed translucent gate.
  5466 | D:6      | Found a runed translucent gate.
  5466 | D:6      | Noticed CaptainSheepy's ghost (amateur FeSu)
  5592 | D:6      | Killed CaptainSheepy's ghost
  5629 | D:6      | Noticed Pikel
  5635 | D:6      | Killed Pikel
  5636 | D:6      | Reached skill level 5 in Stealth
  5636 | D:6      | Reached XP level 9. HP: 75/75 MP: 9/9
  5655 | D:6      | Found a broken altar of Ashenzari.
  5806 | D:7      | Reached skill level 8 in Ranged Weapons
  5914 | D:7      | Gained mutation: You take slightly more damage. (AC -5) [Ru
                  | sacrifice]
  5914 | D:7      | Reached * piety under Ru
  6735 | D:8      | Noticed a cyan ugly thing
  6745 | D:8      | Killed a cyan ugly thing
  6786 | D:8      | Reached XP level 10. HP: 78/84 MP: 10/10
  7101 | D:8      | Reached skill level 9 in Ranged Weapons
  7158 | D:8      | Found a radiant altar of Vehumet.
  7344 | D:9      | Found a staircase to the Lair.
  7461 | D:9      | Noticed a two-headed ogre
  7469 | D:9      | Killed a two-headed ogre
  8146 | D:9      | Found an iron altar of Okawaru.
  8197 | D:9      | Found a stormy altar of Qazlal.
  8305 | Lair:1   | Entered Level 1 of the Lair of Beasts
  8373 | Lair:1   | Gained mutation: You cannot study or use magical devices.
                  | [Ru sacrifice]
  8373 | Lair:1   | Reached ** piety under Ru
  8373 | Lair:1   | Reached *** piety under Ru
  8379 | Lair:1   | Noticed a cane toad
  8389 | Lair:1   | Killed a cane toad
  8479 | Lair:1   | Reached skill level 10 in Ranged Weapons
  8479 | Lair:1   | Reached XP level 11. HP: 51/93 MP: 11/11
  8659 | Lair:1   | Noticed a six-headed hydra
  8665 | Lair:1   | Killed a six-headed hydra
  8771 | Lair:1   | Noticed a seven-headed hydra
  8784 | Lair:1   | Killed a seven-headed hydra
  9251 | Lair:1   | Noticed an oklob plant
  9266 | Lair:1   | Killed an oklob plant
  9537 | Lair:2   | Noticed an eight-headed hydra
  9544 | Lair:2   | Killed an eight-headed hydra
  9788 | Lair:2   | Reached skill level 10 in Dodging
  9791 | Lair:2   | Found a frozen archway.
  9881 | IceCv    | Entered an ice cave
  9881 | IceCv    | Noticed a white ugly thing
  9890 | IceCv    | Killed a white ugly thing
  9891 | IceCv    | Reached skill level 11 in Ranged Weapons
  9920 | IceCv    | Found a transporter.
  9924 | IceCv    | Noticed a white ugly thing
  9927 | IceCv    | Found a transporter.
 10718 | Lair:3   | Found a staircase to the Shoals.
 10943 | Lair:3   | Reached XP level 12. HP: 103/104 MP: 12/12
 10963 | Lair:3   | Gained mutation: You occasionally lose the ability to read
                  | scrolls when taking damage. [Ru sacrifice]
 10963 | Lair:3   | Gained mutation: You sometimes lose the ability to read
                  | scrolls when taking damage. [Ru sacrifice]
 10963 | Lair:3   | Reached **** piety under Ru
 10963 | Lair:3   | Reached ***** piety under Ru
 11290 | Lair:3   | Found a staircase to the Snake Pit.
 12668 | Lair:4   | Noticed a five-headed hydra
 12677 | Lair:4   | Killed a five-headed hydra
 12678 | Lair:4   | Reached skill level 12 in Ranged Weapons
 13473 | Lair:5   | Entered Level 5 of the Lair of Beasts
 13475 | Lair:5   | Noticed an eight-headed hydra
 13480 | Lair:5   | Reached skill level 10 in Fighting
 13480 | Lair:5   | Killed an eight-headed hydra
 13496 | Lair:5   | Gained mutation: You are hated by all. [Ru sacrifice]
 13520 | Lair:5   | Noticed a six-headed hydra
 13527 | Lair:5   | Killed a six-headed hydra
 13553 | Lair:5   | Noticed a six-headed hydra
 13704 | Lair:5   | Noticed a five-headed hydra
 13711 | Lair:5   | Noticed a death yak
 13716 | Lair:5   | Killed a five-headed hydra
 13717 | Lair:5   | Reached XP level 13. HP: 114/114 MP: 13/13
 14140 | Lair:5   | Reached skill level 13 in Ranged Weapons
 14153 | Lair:5   | Mangled by a death yak

Illustrated notes

Levels and vault maps discovered:
D:1:      scummos_arrival_simple_crosswalls, layout_basic,
          basic_ecumenical_altar
D:2:      layout_loops_cross, uniq_crazy_yiuf_cottage
D:3:      kennysheep_big_flooded_room, layout_basic, gammafunk_ghost_cemetery,
          minmay_misc_feat_doors, serial_bayou_pond_d
D:4:      layout_loops_ring, nicolae_overflow_hidden_temple,
          hangedman_decor_slide_cut, uniq_natasha, uniq_robin
D:5:      layout_basic, lemuel_zombie_altar_yredelemnul,
          minmay_temple_entry_arrows, uniq_blork_the_orc
D:6:      layout_basic, mainiacjoe_overflow_tiny_flanked,
          ebering_ghost_rock_garden, nrook_campfire,
          ebering_dispersal_statue_hall, serial_bayou_lagoon_a, uniq_duvessa,
          uniq_prince_ribbit1, uniq_pikel
D:7:      layout_basic, hangedman_glass_teeth, minmay_misc_feat_ornament,
          chequers_serial_rivers_micro_a
D:8:      layout_basic, mainiacjoe_overflow_alcove_4, nzn_life_drinkers
D:9:      layout_basic, nicolae_qazlal_eye_of_the_storm,
          mainiacjoe_overflow_six_doors_small, david_lair_shrubbed,
          kennysheep_flooded_box
Temple:   minmay_temple_bridge_d
Lair:1:   layout_misc_corridors, minmay_lair_oklob_items, grunt_megastairs_4
Lair:2:   layout_cave_pods, portal_ice_cave_rime, serial_bayou_pond_c,
          grunt_megastairs_2
Lair:3:   layout_chaotic_city, elwin_shoals_entry_rooms,
          guppyfry_snake_entry_garden, beast_lair_carwin_6, serial_bayou_shore_b
Lair:4:   layout_layer_cave, grunt_megastairs_1
Lair:5:   grunt_lair_end_beastmaster, layout_long_grid,
          minmay_slime_entry_jelly_boxes, kennysheep_abandoned_house

Skill      XL: |  1  2  3  4  5  6  7  8  9 10 11 12 13 |
---------------+----------------------------------------+-----
Stealth        | 1 2 3 5 6 8 9 |  9.6
Dodging        | 2 3 4 6 7 9 10 11 12 | 12.4
Ranged Weapons | 4 5 6 7 8 10 11 12 13 | 13.0
Fighting       | 3 4 6 8 9 10 | 10.7

Action                   |  1- 3 |  4- 6 |  7- 9 | 10-12 | 13-15 || total
-------------------------+-------+-------+-------+-------+-------++-------
Melee: Short sword       |     9 |    12 |       |       |       ||    21
       Tailslap          |       |     4 |       |       |       ||     4
 Fire: Shortbow          |   125 |    35 |       |       |       ||   160
       Longbow           |       |    79 |   241 |   528 |    83 ||   931
Invok: Sacrifice Health  |       |       |     1 |       |       ||     1
       Draw Out Power    |       |       |       |     1 |       ||     1
       Sacrifice Artific |       |       |       |     1 |       ||     1
       Apocalypse        |       |       |       |     3 |     1 ||     4
       Sacrifice Words   |       |       |       |     1 |       ||     1
       Sacrifice Love    |       |       |       |     1 |       ||     1
       Power Leap        |       |       |       |       |     2 ||     2
 Abil: Breathe Frost     |       |       |     4 |     4 |     1 ||     9
  Use: Scroll            |       |     1 |       |       |       ||     1
Armor: Skin              |    24 |    10 |     5 |     8 |     3 ||    50
Dodge: Dodged            |    44 |    27 |    44 |   139 |    27 ||   281
